 Dungeon Crawl Stone Soup version 0.21.1-1-g345015f (webtiles) character file.

1053 robloxmaster the Ruffian (level 8, -3/80 HPs)
             Began as a Troll Monk on May 16, 2018.
             Slain by Prince Ribbit (16 damage)
             ... on level 5 of the Dungeon.
             The game lasted 00:14:45 (4134 turns).

robloxmaster the Ruffian (Troll Monk)               Turns: 4134, Time: 00:14:46

Health: -3/80      AC:  6    Str: 22    XL:     8   Next: 5%
Magic:  7/7        EV: 10    Int:  6    God:
Gold:   206        SH:  0    Dex: 10    Spells: 7/7 levels left

rFire    . . .     SeeInvis .     - Unarmed
rCold    . . .     Gourm    +   (no shield)
rNeg     . . .     Faith    .   a - +1 robe
rPois    .         Spirit   .   (helmet restricted)
rElec    .         Reflect  .   (no cloak)
rCorr    .         Harm     .   (gloves unavailable)
MR       .....     Clarity  +   (boots unavailable)
Stlth    +.........             (no amulet)
HPRegen  0.63/turn              (no ring)
MPRegen  0.10/turn              (no ring)

@: no status effects
A: large, unfitting armour, claws 3, clarity, clumsy 1, fast metabolism 3,
gourmand, regeneration 1, shaggy fur 1, tough skin 2
a: no special abilities


You were on level 5 of the Dungeon.
You were full.

You visited 1 branch of the dungeon, and saw 5 of its levels.

You collected 206 gold pieces.

Inventory:

Armour
 a - a +1 robe (worn)
Scrolls
 d - 11 scrolls of identify {unknown}
 e - 5 scrolls of fog {unknown}
 f - a scroll of teleportation
 g - 4 scrolls of blinking {unknown}
 j - 3 scrolls of remove curse
 k - 2 scrolls of enchant weapon {unknown}
 l - a scroll of noise
Potions
 h - a potion of curing
Books
 i - a book of Changes

   Spells                             Type                      Level
   a - Beastly Appendage              Transmutation                1
   b - Sticks to Snakes               Transmutation                2
   c - Spider Form                    Transmutation/Poison         3
   d - Ice Form                       Ice/Transmutation            4
   e - Blade Hands                    Transmutation                5
 n - a book of Misfortune

   Spells                             Type                      Level
   a - Confusing Touch                Hexes                        1
   b - Confuse                        Hexes                        3
   c - Gell's Gravitas                Translocation                3
   d - Petrify                        Transmutation/Earth          4
   e - Metabolic Englaciation         Hexes/Ice                    5
   f - Yara's Violent Unravelling     Hexes/Transmutation          5
Comestibles
 b - 17 rations


   Skills:
 + Level 5.2 Fighting
 + Level 4.1 Armour
 - Level 2.4 Dodging
 - Level 1.0 Stealth
 + Level 6.3 Unarmed Combat


You had 7 spell levels left.
You didn't know any spells.

Dungeon Overview and Level Annotations

Branches:
Dungeon (5/15)
 Temple: D:4-7

Altars:
Ashenzari
Hepliaklqana
Makhleb
Nemelex Xobeh
Ru
Trog
Uskayaw
Wu Jian
Xom
Yredelemnul
The Shining One

Annotations:
D:2 1 transporter
D:5 Prince Ribbit


Innate Abilities, Weirdness & Mutations

You are too large for most types of armour.
You have claws for hands.
Your metabolism is lightning-fast.
You like to eat raw meat.
Your natural rate of healing is unusually fast.
You are covered in fur. (AC +1)
You have very tough skin. (AC +2)
You possess an exceptional clarity of mind.
You are clumsy. (Dex -2)


Message History

Prince Ribbit is almost dead.
Prince Ribbit hits you! x2
You are too injured to fight recklessly!
You barely miss Prince Ribbit.
Prince Ribbit is almost dead.
Prince Ribbit asks, "Just a little smooch?"
Prince Ribbit hits you!
* * * LOW HITPOINT WARNING * * *
You miss Prince Ribbit.
Prince Ribbit is almost dead.
Prince Ribbit mumbles some strange words.
Prince Ribbit looks slightly unstable.
You closely miss Prince Ribbit.
Prince Ribbit is almost dead.
Prince Ribbit hits you.
* * * LOW HITPOINT WARNING * * *
You feel better. Prince Ribbit hits you!
* * * LOW HITPOINT WARNING * * *
Prince Ribbit hits you!
You die...

##.#......#.## #.##.# #..##.##.#
#......#...###.##.# #.#.#.#.##
....#...#.....##.##.# #.##...##
..####.##...........###.###.#####
.# #........................).. .
#####...###.##.........#####
##### #.############ #.# #@#
########F# ....F....# ##########


You could see Prince Ribbit.

Vanquished Creatures
  The ghost of Golfball the Chopper, an amateur HOFi (D:4)
  The ghost of Fang the Chopper, an amateur GrBe of Trog (D:5)
  An ogre (D:5)
  The ghost of Inchmeat the Digger, an amateur GrEE (D:3)
  A scorpion (D:3)
  A crimson imp (D:5)
  A bullfrog zombie (D:4)
  2 jellies
  2 hounds
  Natasha (thrice) (D:3)
  2 worker ants
  An orc wizard (D:4)
  3 adders
  4 worms
  A dart slug (D:1)
  3 leopard geckos
  4 orcs
  3 ball pythons
  7 giant cockroaches
  6 goblins
  10 hobgoblins
  11 jackals (D:4)
  7 kobolds
  2 quokkas
  6 bats
  3 frilled lizards
  6 rats
93 creatures vanquished.

Vanquished Creatures (others)
  A scorpion (D:4)
1 creature vanquished.

Grand Total: 94 creatures vanquished

Notes
Turn   | Place    | Note
-------+----------+-------------------------------------------
     0 | D:1      | robloxmaster the Troll Monk began the quest for the Orb.
     0 | D:1      | Reached XP level 1. HP: 22/22 MP: 0/0
   312 | D:1      | Reached XP level 2. HP: 22/29 MP: 1/1
   855 | D:2      | Reached XP level 3. HP: 33/37 MP: 2/2
   944 | D:2      | Found a sparkling altar of Nemelex Xobeh.
   944 | D:2      | Found a transporter.
   944 | D:2      | Noticed a two-headed ogre
   945 | D:2      | Noticed a big kobold
  1322 | D:2      | Reached skill level 1 in Armour
  1322 | D:2      | Reached XP level 4. HP: 26/45 MP: 3/3
  1427 | D:2      | Reached skill level 4 in Unarmed Combat
  1543 | D:3      | Noticed Inchmeat's ghost (amateur GrEE)
  1546 | D:3      | Gained mutation: You are clumsy. (Dex -2) [potion of mutation]
  1546 | D:3      | Gained mutation: You possess an exceptional clarity of mind. [potion of mutation]
  1560 | D:3      | Killed Inchmeat's ghost
  1560 | D:3      | Reached XP level 5. HP: 44/53 MP: 4/4
  1710 | D:3      | Found a burning altar of Makhleb.
  1741 | D:3      | Noticed a moth of wrath
  1744 | D:3      | Found a bloodstained altar of Trog.
  1794 | D:3      | Found a sacrificial altar of Ru.
  1936 | D:3      | Noticed Natasha
  1948 | D:3      | Killed Natasha
  2009 | D:3      | Found a hide-covered altar of Uskayaw.
  2031 | D:3      | Noticed Natasha
  2037 | D:3      | Killed Natasha
  2382 | D:3      | Reached XP level 6. HP: 62/62 MP: 5/5
  2460 | D:3      | Noticed Natasha
  2464 | D:3      | Killed Natasha
  2491 | D:3      | Found a shattered altar of Ashenzari.
  2496 | D:3      | Found an ornate altar of the Wu Jian Council.
  2503 | D:3      | Found a hazy altar of Hepliaklqana.
  2621 | D:4      | Reached skill level 5 in Unarmed Combat
  2693 | D:4      | Noticed Golfball's ghost (amateur HOFi)
  2950 | D:4      | Killed Golfball's ghost
  2950 | D:4      | Reached XP level 7. HP: 54/71 MP: 6/6
  3078 | D:4      | Found a glowing golden altar of the Shining One.
  3167 | D:4      | Found a basalt altar of Yredelemnul.
  3178 | D:4      | Noticed a profane servitor
  3533 | D:4      | Noticed an angel
  3556 | D:5      | Entered Level 5 of the Dungeon
  3556 | D:5      | Found a shimmering altar of Xom.
  3651 | D:5      | Noticed Fang's ghost (amateur GrBe)
  3715 | D:5      | Killed Fang's ghost
  3715 | D:5      | Reached skill level 5 in Fighting
  3715 | D:5      | Reached skill level 6 in Unarmed Combat
  3933 | D:5      | Reached XP level 8. HP: 51/80 MP: 7/7
  4117 | D:5      | Noticed Prince Ribbit
  4134 | D:5      | Slain by Prince Ribbit

Skill      XL: |  1  2  3  4  5  6  7 |
---------------+----------------------+-----
Fighting       | 3 4 5 |  5.2
Armour         | 1 2 3 4 |  4.1
Unarmed Combat | 4 5 6 |  6.3
Dodging        | |  2.4
Stealth        | |  1.0

Action                   |  1- 3 |  4- 6 |  7- 9 || total
-------------------------+-------+-------+-------++-------
Melee: Unarmed           |    95 |   156 |    73 ||   324
       Punch             |     1 |       |     1 ||     2
  Use: Potion            |       |     6 |     1 ||     7
       Scroll            |       |     4 |       ||     4
 Stab: Sleeping          |     1 |     2 |       ||     3
       Invisible         |       |     1 |       ||     1
       Distracted        |       |       |     1 ||     1
  Eat: Chunk             |    12 |    18 |     3 ||    33
       Ration            |       |       |     2 ||     2
Armor: Robe              |    46 |    54 |    21 ||   121
Dodge: Dodged            |    73 |    80 |    26 ||   179
